 Dungeon Crawl Stone Soup version 0.22.1-2-g9c5b331 (webtiles) character file.

114 dvd the Firebug (level 4, -1/27 HPs)
             Began as an Octopode Fire Elementalist on Dec 4, 2018.
             Was a Follower of Jiyva.
             Slain by a giant cockroach (2 damage)
             ... on level 5 of the Dungeon.
             The game lasted 00:04:38 (2780 turns).

dvd the Firebug (Octopode Fire Elementalist)        Turns: 2780, Time: 00:04:39

Health: -1/27      AC:  1    Str:  7    XL:     4   Next: 98%
Magic:  6/9        EV: 13    Int: 18    God:    Jiyva [*.....]
Gold:   126        SH:  0    Dex: 12    Spells: 6/9 levels left

rFire    + . .     SeeInvis .   k - +1 mace (holy)
rCold    . . .     Gourm    .   (no shield)
rNeg     . . .     Faith    .   (helmet restricted)
rPois    .         Spirit   .   g - amulet of rage
rElec    .         Reflect  .   d - ring of resist corrosion
rCorr    +         Harm     .   a - ring of protection from fire
MR       .....                  (no ring)
Stlth    +++.......             (no ring)
HPRegen  0.09/turn              (no ring)
MPRegen  0.11/turn              (no ring)
                                (no ring)
                                (no ring)

@: no status effects
A: almost no armour, stealthy swim, amphibious, 8 rings, constrict 8, camouflage
1, gelatinous body 1
a: Request Jelly, Renounce Religion, Evoke Berserk Rage


You were on level 5 of the Dungeon.
You worshipped Jiyva.
Jiyva was aware of your devotion.
You were not hungry.

You visited 1 branch of the dungeon, and saw 4 of its levels.

You collected 126 gold pieces.

Inventory:

Hand Weapons
 j - a +0 mace
 k - a +1 mace of holy wrath (weapon)
Jewellery
 a - a ring of protection from fire (right tentacle)
 d - a ring of resist corrosion (left tentacle)
 g - an amulet of rage (around mantle)
Scrolls
 e - 3 scrolls of identify {unknown}
 h - a scroll of noise {unknown}
 i - 2 scrolls of immolation {unknown}
 o - a scroll of magic mapping {unknown}
 q - a scroll of enchant armour {unknown}
Potions
 c - a potion of agility {unknown}
 f - a potion of resistance {unknown}
 l - 3 potions of might {unknown}
 m - a potion of cancellation {unknown}
 n - a potion of berserk rage {unknown}
Comestibles
 b - 7 rations


   Skills:
 + Level 2.2 Dodging
 + Level 3.0 Stealth
 + Level 0.8 Unarmed Combat
 + Level 3.3 Spellcasting
 + Level 1.4 Conjurations
 + Level 3.9 Fire Magic


You had 6 spell levels left.
You knew the following spells:

 Your Spells              Type           Power        Failure   Level  Hunger
a - Flame Tongue          Conj/Fire      ##...        5%          1    None
b - Throw Flame           Conj/Fire      ##....       8%          2    ##.....

Your spell library contained the following spells:

 Spells                   Type           Power        Failure   Level  Hunger
 Conjure Flame            Conj/Fire      ##......     16%         3    ###....
 Inner Flame              Hex/Fire       ##......     22%         3    ###....
 Sticky Flame             Conj/Fire      ##......     45%         4    ####...
 Fireball                 Conj/Fire      ##........   82%         5    ######.


Dungeon Overview and Level Annotations

Branches:
Dungeon (3/15)

Altars:
Jiyva


Innate Abilities, Weirdness & Mutations

You cannot wear most types of armour.
You are very stealthy in the water. (Stealth+)
You are amphibious.
You can wear up to eight rings at the same time.
You can use your tentacles to constrict eight enemies at once.
Your skin changes colour to match your surroundings (Stealth+).
Your rubbery body absorbs attacks. (AC +1, EV +1)


Message History

The flame tongue hits the gnoll.
The gnoll is heavily wounded.
The gnoll barely misses you.
An orc comes into view. It is wielding a dagger.
An orc comes into view.
The orc shouts!
The centaur shoots an arrow.
The arrow closely misses you.
The arrow completely misses the orc.
The arrow closely misses the gnoll.
The centaur shoots an arrow.
The arrow hits you!
Ouch! That really hurt!
* * * LOW HITPOINT WARNING * * *
You see here an arrow.
The centaur shoots an arrow.
The arrow hits you.
* * * LOW HITPOINT WARNING * * *
You see here an arrow.
A worker ant zombie comes into view.
Found 12 gold pieces.
There is a stone staircase leading up here.
The giant cockroach bites you.
You die...

#.# ##.## ##...##
##.....##
####.>.....##
######....(......#
#...............##
##.#.#.#!#.........#
#......@.o#.##...#.#
##.#.#.#s##.###..#.#
......#o###.(..###
#.#.#.##og..........
........#co..........
#.#.#.#.#.Z####...####
#.$.......... ......
.#.# #.#.#... .#.###
#...... ###..


You could see an orc and a giant cockroach.

Vanquished Creatures
  4 gnolls (D:2)
  4 adders
  An ooze (D:1)
  A dart slug (D:2)
  5 goblins (D:1)
  6 hobgoblins
  5 kobolds
  A ball python (D:2)
  5 bats
  3 frilled lizards (D:2)
  4 rats
39 creatures vanquished.

Notes
Turn   | Place    | Note
-------+----------+-------------------------------------------
     0 | D:1      | dvd the Octopode Fire Elementalist began the quest for the
                  | Orb.
     0 | D:1      | Reached XP level 1. HP: 11/11 MP: 3/3
   236 | D:1      | Reached XP level 2. HP: 15/17 MP: 0/5
   268 | D:1      | Learned a level 2 spell: Throw Flame
  1585 | D:2      | Reached XP level 3. HP: 19/21 MP: 2/6
  2076 | D:2      | Found a faded altar of an unknown god.
  2080 | D:2      | Became a worshipper of Jiyva Jeryqin the Shapeless
  2080 | D:2      | Reached * piety under Jiyva
  2249 | D:2      | Reached XP level 4. HP: 22/27 MP: 4/8
  2756 | D:3      | You fall through a shaft for 2 floors!
  2756 | D:5      | Entered Level 5 of the Dungeon
  2762 | D:5      | Noticed a centaur
  2773 | D:5      | HP: 1/27 [centaur/arrow (4)]
  2780 | D:5      | Slain by a giant cockroach

Skill      XL: |  1  2  3  4 |
---------------+-------------+-----
Stealth        | 3 |  3.0
Spellcasting   | 3 |  3.3
Dodging        | |  2.2
Unarmed Combat | |  0.8
Conjurations   | |  1.4
Fire Magic     | |  3.9

Action                   |  1- 3 |  4- 6 || total
-------------------------+-------+-------++-------
Melee: Unarmed           |     8 |       ||     8
       Constrict         |     2 |       ||     2
       Tentacles         |     1 |       ||     1
       Mace              |     4 |       ||     4
 Cast: Flame Tongue      |    42 |    16 ||    58
       Throw Flame       |    13 |     5 ||    18
  Eat: Chunk             |     5 |     2 ||     7
Armor: Skin              |     3 |       ||     3
Dodge: Dodged            |    17 |     7 ||    24
